Map: Ascension to Aiur LE

Players

Winthrowe - Winner!

  • Race: Terran Terran
  • League: Silver
  • Spawn Location: 5:00

A.I. 1 (Hard)

  • Race: Terran Terran
  • Spawn Location: 11:00

VOD

Have the link to the VOD?

Description

Time

  • Played on: Aug. 19, 2017, 11:30 a.m.
  • Length: 11:52
Show
View Real Time Build Order
Export as new Build Order

Winthrowe Terran - Winner!

Build Orders:  

Get SALT Encoding   

  12  0:01  SCV  
  13  0:16  Supply Depot  
  13  0:17  SCV  
  14  0:30  SCV  
  15  0:40  Barracks  
  15  0:42  SCV  
  16  0:54  SCV  
  17  1:06  SCV  
  17  1:07  Supply Depot  
  18  1:18  SCV  
  19  1:31  Orbital Command  
  19  1:32  Refinery  
  19  1:41  Engineering Bay  
  19  1:42  Marine  
  20  1:54  Refinery  
  20  1:59  SCV  
  20  2:00  Marine  
  22  2:11  SCV  
  23  2:18  Marine  
  24  2:26  Command Center  
  24  2:28  SCV  
  25  2:35  Marine  
  26  2:40  SCV  
  27  2:53  Marine, SCV  
  29  3:11  Marine  
  30  3:24  Factory  
  30  3:28  SCV  
  31  3:37  Marine, Supply Depot  
  31  3:40  SCV  
  33  3:52  SCV  
  33  3:55  Marine  
  34  3:59  Supply Depot  
  35  4:02  Sensor Tower  
  35  4:04  SCV  
  36  4:13  Marine  
  36  4:16  SCV  
  38  4:28  SCV  
  38  4:31  Marine  
  40  4:40  SCV  
  40  4:44  Missile Turret  
  41  4:49  Marine  
  41  4:50  Cyclone  
  45  4:53  SCV  
  46  5:04  SCV  
  46  5:05  SCV  
  46  5:06  Marine  
  48  5:11  Missile Turret  
  49  5:19  Barracks  
  49  5:23  Cyclone  
  52  5:35  Missile Turret  
  52  5:38  Barracks Reactor  
  52  5:50  SCV x2, Supply Depot  
  54  6:02  SCV  
  54  6:03  SCV  
  56  6:14  SCV  
  56  6:15  SCV  
  56  6:17  Command Center  
  58  6:23  Marine  
  59  6:26  Barracks Tech Lab, SCV  
  59  6:27  Marine  
  64  6:34  Factory Reactor  
  61  6:41  Marine  
  61  6:44  Marine  
  63  6:52  Supply Depot  
  63  6:57  Marauder  
  63  6:59  Marine  
  58  7:02  Marine  
  55  7:14  Cyclone  
  55  7:15  Cyclone  
  61  7:16  Marine, Supply Depot  
  61  7:19  Marauder  
  61  7:20  Marine  
  65  7:33  SCV x3  
  65  7:34  Marine  
  69  7:38  Marine  
  69  7:39  Supply Depot  
  69  7:40  Marauder  
  69  7:42  Refinery  
  72  7:45  SCV x3  
  72  7:46  Cyclone  
  72  7:47  Cyclone  
  81  7:52  Marine  
  81  7:57  SCV  
  81  7:58  SCV  
  84  8:01  Marauder  
  84  8:02  Supply Depot  
  86  8:09  Refinery  
  86  8:18  Cyclone  
  86  8:19  Cyclone  
  92  8:21  Sensor Tower  
  92  8:23  Marauder  
  92  8:25  Supply Depot  
  94  8:42  SCV  
  94  8:43  SCV x2  
  94  8:44  Marauder  
  99  8:49  Marine x2, Sensor Tower, Refinery  
  99  8:50  Cyclone  
  99  8:52  Cyclone  
  99  8:54  SCV  
  99  8:55  SCV x2  
  110  9:03  Armory  
  110  9:05  Marauder  
  110  9:06  SCV  
  110  9:07  Marine x2, SCV x2  
  110  9:08  Terran Infantry Weapons Level 1  
  117  9:16  Refinery  
  117  9:18  SCV  
  117  9:19  SCV x2  
  117  9:23  Cyclone  
  123  9:24  Marine  
  123  9:25  Marine  
  123  9:29  Sensor Tower  
  125  9:58  SCV, Marauder  
  125  9:59  Marine  
  125  10:00  Marine, SCV x2  
  125  10:02  Cyclone  
  125  10:03  Cyclone  
  122  10:17  Marine  
  122  10:18  Marine  
  122  10:19  Marauder  
  126  10:34  Cyclone  
  126  10:35  Marine, Cyclone  
  129  10:36  Marine  
  129  10:41  Marauder  
  136  10:53  Marine  
  136  10:54  Marine  
  135  11:02  Marine  
  136  11:06  Cyclone  
  136  11:08  Cyclone  
  136  11:09  Concussive Shells  
  136  11:11  Marine x2  
  144  11:19  Marine  
  145  11:29  Marine x2  
Show
View Real Time Build Order
Export as new Build Order

A.I. 1 (Hard) Terran 

Build Orders: MMM Bio 

Get SALT Encoding   

  12  0:00  SCV  
  13  0:13  SCV  
  14  0:19  Supply Depot  
  14  0:25  SCV  
  15  0:40  SCV  
  15  0:42  Barracks  
  16  0:49  Refinery  
  16  0:52  SCV  
  17  1:04  SCV  
  18  1:16  SCV  
  19  1:23  Supply Depot  
  19  1:29  SCV  
  19  1:31  Marine  
  21  1:42  Orbital Command, Barracks  
  21  1:50  Barracks Tech Lab, Refinery  
  21  2:09  Marine, Supply Depot  
  22  2:26  Marine  
  22  2:29  Marine  
  24  2:45  Marauder  
  24  2:46  Marine  
  24  2:49  Supply Depot  
  27  3:04  Marine  
  28  3:07  Marauder  
  30  3:18  Supply Depot  
  30  3:19  SCV  
  31  3:22  Marine  
  32  3:28  Marine  
  32  3:31  SCV  
  32  3:33  Engineering Bay  
  34  3:40  Marine  
  35  3:43  SCV  
  35  3:46  Marine  
  37  3:55  SCV  
  38  3:58  Marine  
  39  4:04  Marine  
  39  4:07  SCV  
  41  4:16  Marine  
  42  4:19  SCV  
  42  4:21  Marine  
  44  4:40  Marauder  
  46  5:01  Marauder  
  48  6:18  Barracks Tech Lab  
  48  6:19  Terran Infantry Weapons Level 1, Stimpack  
  48  6:21  Factory  
  48  6:24  Factory  
  48  6:26  Supply Depot, Command Center  
  48  6:27  Missile Turret  
  48  6:29  Missile Turret  
  48  6:31  Barracks  
  48  6:36  Combat Shields  
  48  6:48  Bunker  
  48  6:49  Supply Depot  
  48  6:58  Marine  
  39  7:07  Marine  
  39  7:08  Starport, Factory Tech Lab x2  
  28  7:15  Starport  
  28  7:16  Marine  
  29  7:24  Marine  
  30  7:32  Marine  
  31  7:39  SCV  
  31  7:40  SCV  
  31  7:41  Marine, Refinery  
  34  7:47  Missile Turret  
  34  7:49  Marine, Missile Turret  
  34  7:50  Refinery  
  36  7:51  SCV  
  36  7:52  Sensor Tower, Starport Tech Lab x2  
  36  7:55  SCV  
  37  7:58  Marine  
  37  8:03  SCV  
  38  8:07  SCV, Marauder  
  38  8:12  Raven  
  41  8:13  Raven  
  41  8:14  Terran Infantry Armor Level 1  
  41  8:15  Marine, Bunker, SCV  
  41  8:19  SCV  
  48  8:25  Marauder  
  50  8:27  SCV  
  50  8:31  SCV  
  50  8:33  Concussive Shells, Marauder  
  54  8:39  SCV  
  54  8:40  Armory  
  55  8:41  Siege Tank  
  55  8:43  Barracks Reactor, SCV  
  59  8:49  Widow Mine  
  59  8:51  SCV  
  62  8:56  SCV  
  63  9:04  SCV  
  63  9:08  SCV  
  65  9:13  Widow Mine  
  65  9:16  SCV  
  68  9:18  Siege Tank  
  68  9:20  SCV  
  71  9:28  SCV  
  72  9:47  SCV  
  72  10:00  Marine  
  60  10:08  Marine  
  60  10:12  Viking  
  55  10:16  Hellion  
  55  10:17  Supply Depot  
  55  10:18  Starport Tech Lab x2  
  55  10:19  Starport Tech Lab  
  59  10:23  Hellion  
  56  10:31  Marine  
  50  10:37  Hellion  
  50  10:42  Viking  
  41  10:43  Marine  
  41  10:46  Marine  
  25  10:51  Marauder  
  25  10:54  Marine  
  24  10:59  SCV  
  24  11:00  Marine  
  25  11:04  Marine  
  25  11:06  Siege Tank  
  23  11:11  SCV  
  23  11:12  Viking, Marine  
  23  11:16  Siege Tank  
  24  11:20  Marine  
Tags
 
Composition
MMM Bio
League
Silver
Matchup
TvT
Race
Terran
Spawn Locations
Cross Positions
Add a new tag
Caveats
  • Supply blocks, unpowered buildings, or Contaminate may cause inaccurate times.
  • Supply counts are checked every 10 seconds.